 Dungeon Crawl Stone Soup version 0.28-a0-863-g8cecda6153 (webtiles) character file.

Game seed: 7619139942521685560

105 Ijustatesigmund the Shield-Bearer (level 4, 0/41 HPs)
             Began as a Gnoll Fighter on Nov 20, 2021.
             Succumbed to Ijyb's poison
             ... while paralysed by Ijyb
             ... on level 3 of the Dungeon.
             The game lasted 00:03:05 (2397 turns).

Ijustatesigmund the Shield-Bearer (Gnoll Fighter)   Turns: 2397, Time: 00:03:05

Health: 0/41       AC: 11    Str: 16    XL:     4   Next: 81%
Magic:  5/5        EV:  2    Int:  8    God:
Gold:   55         SH:  0    Dex: 11    Spells: 5/5 levels left

rFire   . . .      SeeInvis .   a - +0 war axe
rCold   . . .      Faith    .   c - +0 buckler
rNeg    . . .      Spirit   .   b - +0 chain mail
rPois   .          Reflect  .   (no helmet)
rElec   .          Harm     .   (no cloak)
rCorr   .          Rampage  .   (no gloves)
Will    .....                   k - +0 pair of boots
Stlth   ..........              (no amulet)
HPRegen 0.13/turn               (no ring)
MPRegen 0.09/turn               (no ring)

@: paralysed, lethally poisoned (0 -> -23)
A: fangs 1, strong nose, distributed training
a: no special abilities


You were on level 3 of the Dungeon.
You visited 1 branch of the dungeon, and saw 3 of its levels.

You collected 55 gold pieces.

Inventory:

Hand Weapons
 a - a +0 war axe (weapon)
Armour
 b - a +0 chain mail (worn)
 c - a +0 buckler (worn)
 k - a +0 pair of boots (worn)
Jewellery
 i - a ring of protection from cold
Wands
 j - a wand of flame (16)
Scrolls
 l - 2 scrolls of identify
Potions
 d - a potion of might
 e - a potion of haste
 f - a potion of curing
 g - a potion of attraction {unknown}
 h - a potion of flight {unknown}


   Skills:
 + Level 6.6 Fighting
 + Level 1.2 Short Blades
 + Level 1.2 Long Blades
 + Level 4.7 Axes
 + Level 1.2 Maces & Flails
 + Level 1.2 Polearms
 + Level 1.2 Staves
 + Level 1.2 Slings
 + Level 1.2 Bows
 + Level 1.2 Crossbows
 + Level 1.2 Throwing
 + Level 6.6 Armour
 + Level 1.2 Dodging
 + Level 1.2 Stealth
 + Level 6.6 Shields
 + Level 1.2 Unarmed Combat
 + Level 1.2 Spellcasting
 + Level 1.0 Conjurations
 + Level 1.0 Hexes
 + Level 1.0 Summonings
 + Level 1.0 Necromancy
 + Level 1.0 Translocations
 + Level 1.0 Transmutations
 + Level 1.0 Fire Magic
 + Level 1.0 Ice Magic
 + Level 1.0 Air Magic
 + Level 1.0 Earth Magic
 + Level 1.0 Poison Magic
 + Level 1.4 Invocations
 + Level 1.2 Evocations


You had 5 spell levels left.
You didn't know any spells.
Your spell library contained the following spells:

 Spells                   Type           Power      Damage    Failure   Level
 Slow                     Hex            8%         N/A       98%         1
 Confusing Touch          Hex            2%         N/A       100%        3
 Gell's Gravitas          Tloc           2%         N/A       100%        3
 Lesser Beckoning         Tloc           2%         N/A       100%        3
 Teleport Other           Tloc           2%         N/A       100%        3
 Yara's Violent Unravell  Hex/Tmut       1%         3d3       100%        5


Dungeon Overview and Level Annotations

Branches:
Dungeon (3/15)

Altars:

Shops:
D:1 (=[(

Annotations:
D:3 Ijyb


Innate Abilities, Weirdness & Mutations

You have very sharp teeth.
Your uncanny sense of smell can sniff out nearby items.
Your experience applies equally to all skills.


Message History

You slash the kobold!
You kill the kobold!
Ijyb zaps a wand.
You suddenly lose the ability to move!
Ijyb hits you but does no damage.
You are poisoned.
You can move again.
You barely miss Ijyb.
You feel sick.
Ijyb hits you with a +0 dagger of venom.
You slash Ijyb!
Ijyb is moderately wounded.
You feel sick.
Ijyb zaps a wand.
You resist with some effort.
Ijyb zaps a wand.
You resist with some effort.
You barely miss Ijyb.
Ijyb is moderately wounded.
You feel sick. Ijyb hits you but does no damage.
You are more poisoned.
You hit Ijyb but do no damage. You bite Ijyb, but do no damage.
Ijyb is moderately wounded.
You feel very sick. Ijyb hits you but does no damage.
You barely miss Ijyb.
Ijyb is moderately wounded.
You feel very sick.
Ijyb zaps a wand.
You suddenly lose the ability to move!
Ijyb screams, "Me very upset!"
Ijyb zaps a wand.
You resist with some effort.
You feel sick. Ijyb hits you but does no damage.
You are more poisoned.
You feel very sick.
Ijyb hits you with a +0 dagger of venom.
You are lethally poisoned!
You feel very sick.
Ijyb hits you with a +0 dagger of venom.
* * * LOW HITPOINT WARNING * * *
You are more poisoned.
* * * LOW HITPOINT WARNING * * *
You feel extremely sick.
Ijyb zaps a wand.
You shrug off the repeated paralysis!
The now-empty wand crumbles to dust.
You die...

####### #.....#
#.....#
#########.....#
.......##.....#
### ##...<)...# .
...[.###.........#
.#..#
......g@.###.....#
.#..## ......####
#.....# ......
..... #.....#
...... ....
####### ...... ...
...... .. ...# .
..(# #...#


You could see Ijyb.

Vanquished Creatures
  An adder (D:2)
  5 gnolls
  A worm (D:3)
  A dart slug (D:1)
  An orc (D:3)
  4 endoplasms
  A giant cockroach (D:3)
  4 goblins (D:1)
  6 hobgoblins
  A kobold (D:3)
  3 quokkas (D:1)
  5 ball pythons
  2 bats (D:1)
  A frilled lizard (D:1)
  6 rats
42 creatures vanquished.

Notes
Turn   | Place    | Note
-------+----------+-------------------------------------------
     0 | D:1      | Ijustatesigmund the Gnoll Fighter began the quest for the
                  | Orb.
     0 | D:1      | Reached XP level 1. HP: 23/23 MP: 1/1
   158 | D:1      | Found Giqogryt's Antique Weapon Shoppe.
   164 | D:1      | Reached XP level 2. HP: 27/29 MP: 2/2
   210 | D:1      | Found Wonoon's Antique Armour Shop.
   256 | D:1      | Found a faded altar of an unknown god.
   358 | D:1      | Found Kauqaz's Antique Weapon Shoppe.
   361 | D:1      | Found Moonioj's Jewellery Shoppe.
   482 | D:1      | Reached XP level 3. HP: 26/35 MP: 3/3
  1178 | D:2      | Reached skill level 1 in Invocations
  1738 | D:2      | Reached skill level 1 in Short Blades
  1738 | D:2      | Reached skill level 1 in Long Blades
  1738 | D:2      | Reached skill level 1 in Maces & Flails
  1738 | D:2      | Reached skill level 1 in Polearms
  1738 | D:2      | Reached skill level 1 in Staves
  1738 | D:2      | Reached skill level 1 in Slings
  1738 | D:2      | Reached skill level 1 in Bows
  1738 | D:2      | Reached skill level 1 in Crossbows
  1738 | D:2      | Reached skill level 1 in Throwing
  1738 | D:2      | Reached skill level 1 in Dodging
  1738 | D:2      | Reached skill level 1 in Stealth
  1738 | D:2      | Reached skill level 1 in Unarmed Combat
  1738 | D:2      | Reached skill level 1 in Spellcasting
  1738 | D:2      | Reached skill level 1 in Evocations
  1967 | D:3      | Reached XP level 4. HP: 33/41 MP: 5/5
  2158 | D:2      | Reached skill level 1 in Conjurations
  2158 | D:2      | Reached skill level 1 in Hexes
  2158 | D:2      | Reached skill level 1 in Summonings
  2158 | D:2      | Reached skill level 1 in Necromancy
  2158 | D:2      | Reached skill level 1 in Translocations
  2158 | D:2      | Reached skill level 1 in Transmutations
  2158 | D:2      | Reached skill level 1 in Fire Magic
  2158 | D:2      | Reached skill level 1 in Ice Magic
  2158 | D:2      | Reached skill level 1 in Air Magic
  2158 | D:2      | Reached skill level 1 in Earth Magic
  2158 | D:2      | Reached skill level 1 in Poison Magic
  2380 | D:3      | Noticed Ijyb
  2385 | D:3      | Paralysed by Ijyb for 3 turns
  2392 | D:3      | Paralysed by Ijyb for 7 turns
  2397 | D:3      | Succumbed to Ijyb's poison

Illustrated notes

Levels and vault maps discovered:
D:1:      amcnicky_arrival_flooded_fountain, layout_loops_ring, serial_shops,
          nicolae_shop_stone, nicolae_shop_behind_doors, nicolae_shop_stone,
          nicolae_diamond_shop, hellmonk_ecumenical_altar_crossroads
D:2:      layout_basic
D:3:      layout_rooms, uniq_ijyb, uniq_natasha

Skill      XL: |  1  2  3  4 |
---------------+-------------+-----
Invocations    | 1 |  1.4
Short Blades   | 1 |  1.2
Long Blades    | 1 |  1.2
Maces & Flails | 1 |  1.2
Polearms       | 1 |  1.2
Staves         | 1 |  1.2
Slings         | 1 |  1.2
Bows           | 1 |  1.2
Crossbows      | 1 |  1.2
Throwing       | 1 |  1.2
Dodging        | 1 |  1.2
Stealth        | 1 |  1.2
Unarmed Combat | 1 |  1.2
Spellcasting   | 1 |  1.2
Evocations     | 1 |  1.2
Conjurations   | 1 |  1.0
Hexes          | 1 |  1.0
Summonings     | 1 |  1.0
Necromancy     | 1 |  1.0
Translocations | 1 |  1.0
Transmutations | 1 |  1.0
Fire Magic     | 1 |  1.0
Ice Magic      | 1 |  1.0
Air Magic      | 1 |  1.0
Earth Magic    | 1 |  1.0
Poison Magic   | 1 |  1.0
Fighting       | |  6.6
Axes           | |  4.7
Armour         | |  6.6
Shields        | |  6.6

Action                   |  1- 3 |  4- 6 || total
-------------------------+-------+-------++-------
Melee: War axe           |    98 |    28 ||   126
       Bite              |    10 |     3 ||    13
  Use: Scroll            |     4 |       ||     4
Armor: Scale mail        |    43 |       ||    43
       Chain mail        |     6 |    13 ||    19
Dodge: Dodged            |    40 |    11 ||    51
Block: Buckler           |    21 |     6 ||    27

Table legend: (Time is in decaauts)
 A = Elapsed time spent in this place.
 B = Non-inter-level travel time spent in this place.
 C = Inter-level travel time spent in this place.
 D = Time resting spent in this place.
 E = Time spent auto-exploring this place.
 F = Levels seen in this place.
 G = Mean time per level.
                   A        B        C        D        E       F      G
               +--------+--------+--------+--------+--------+-----+--------+
         Total |   2434 |   2386 |     48 |    314 |   1570 |   3 |  811.3 |
       Dungeon |   2434 |   2386 |     48 |    314 |   1570 |   3 |  811.3 |
               +--------+--------+--------+--------+--------+-----+--------+

Top non-repeatable levels by time:
     D:2: 1136 daAuts
     D:1: 998 daAuts
     D:3: 298 daAuts
